Map: Ephemeron LE

Players

jasonhoblin

  • Race: Terran Terran
  • League: Silver
  • Spawn Location: 11:00

xSaintApocx - Winner!

  • Race: Terran Terran
  • League: Silver
  • Spawn Location: 5:00

VOD

Have the link to the VOD?

Description

Time

  • Played on: Nov. 30, 2019, 10:51 p.m.
  • Length: 24:49
Show
View Real Time Build Order
Export as new Build Order

jasonhoblin Terran 

Build Orders:  

Get SALT Encoding   

  12  0:01  SCV  
  13  0:13  SCV  
  14  0:19  Supply Depot  
  14  0:25  SCV  
  15  0:58  SCV  
  16  1:04  Barracks  
  16  1:08  Command Center  
  16  1:23  Barracks  
  16  1:26  SCV  
  17  1:35  Supply Depot  
  17  1:38  SCV  
  18  1:55  SCV  
  18  1:56  Marine  
  20  2:03  Refinery  
  20  2:05  Refinery  
  20  2:17  SCV  
  20  2:20  SCV  
  20  2:21  Marine x2  
  24  2:31  SCV  
  24  2:33  SCV  
  26  2:38  Marine  
  26  2:39  Marine  
  26  2:42  Supply Depot  
  28  2:50  Factory  
  28  3:06  Orbital Command  
  28  3:07  Orbital Command  
  28  3:11  Marine  
  29  3:14  Marine  
  30  3:32  Factory Tech Lab  
  30  3:39  SCV x2  
  32  3:48  Supply Depot  
  32  3:54  Engineering Bay  
  32  3:55  Siege Tank  
  35  3:56  Marine x2  
  37  4:05  SCV x2  
  39  4:14  Marine x2  
  41  4:18  SCV x2  
  43  4:27  Siege Tank  
  46  4:31  Marine  
  46  4:32  Marine  
  48  4:47  SCV x2  
  48  4:51  Barracks Tech Lab, Barracks Reactor  
  50  4:57  Missile Turret  
  50  5:03  Missile Turret  
  50  5:07  SCV x2  
  52  5:10  Siege Tank  
  52  5:13  Missile Turret  
  55  5:19  SCV x2  
  57  5:29  Hi-Sec Auto Tracking  
  57  5:45  Command Center  
  57  5:46  Missile Turret  
  57  6:07  Refinery  
  57  6:09  SCV x2  
  59  6:20  Supply Depot  
  59  6:21  Engineering Bay  
  59  6:25  Factory  
  59  6:26  Missile Turret  
  59  6:27  Starport  
  59  6:31  Barracks  
  59  6:34  Supply Depot  
  59  6:40  SCV x2  
  59  6:41  Marine  
  59  6:42  Marine x2  
  64  6:50  Missile Turret  
  64  6:54  SCV x2  
  64  6:59  Refinery  
  66  7:08  Factory Tech Lab  
  66  7:10  Starport Reactor  
  66  7:19  Starport  
  66  7:24  Missile Turret  
  66  7:27  Supply Depot  
  66  7:28  Starport  
  66  7:33  Orbital Command  
  66  7:34  Marine x3  
  69  7:41  Siege Tank x2  
  75  7:44  Neosteel Armor  
  75  7:46  Barracks Reactor  
  75  7:49  Combat Shield  
  75  7:56  Armory  
  75  8:05  SCV x3  
  78  8:23  Starport Reactor  
  78  8:24  Starport Reactor  
  78  8:27  Siege Tank x2, Marine x4  
  84  8:28  Missile Turret  
  84  8:33  Terran Infantry Weapons Level 1  
  88  8:41  Marine  
  88  8:44  Armory  
  88  8:45  Marine x4  
  93  8:54  Medivac x2  
  97  8:59  Marine  
  98  9:04  Medivac  
  98  9:06  Marine  
  101  9:18  Supply Depot  
  101  9:19  Supply Depot  
  101  9:22  Supply Depot  
  101  9:23  Supply Depot  
  101  9:25  Missile Turret  
  101  9:26  Terran Vehicle Weapons Level 1  
  101  9:27  Terran Infantry Armor Level 1  
  101  9:39  Marine x3  
  101  9:42  Viking, Medivac  
  108  9:47  Command Center  
  108  9:55  Marine  
  108  9:56  Marine  
  108  9:57  Marine x3  
  113  10:02  Missile Turret  
  113  10:10  Terran Ship Weapons Level 1  
  113  10:13  Marine x2  
  115  10:15  Marine  
  94  11:08  Orbital Command  
  94  11:09  Viking x3  
  94  11:10  Viking x3  
  100  11:23  Terran Vehicle Weapons Level 2  
  100  11:30  Terran Infantry Weapons Level 2  
  100  11:37  Terran Infantry Armor Level 2  
  100  11:39  Viking x3  
  106  11:40  Orbital Command  
  106  11:42  Marine x2  
  106  11:43  Marine x3  
  111  11:55  Orbital Command  
  111  12:00  Marine x3  
  111  12:01  Marine x2  
  99  12:36  SCV  
  99  12:37  SCV x3  
  102  12:41  Marine  
  102  12:42  Marine x4  
  108  12:48  SCV  
  108  12:49  SCV x3  
  112  12:59  Marine  
  112  13:00  Missile Turret  
  112  13:01  SCV  
  112  13:02  Missile Turret x2  
  114  13:07  Viking, Medivac  
  114  13:08  Viking x4  
  126  13:15  Missile Turret  
  126  13:16  Missile Turret  
  126  13:18  Missile Turret x2  
  126  13:19  Missile Turret  
  126  13:24  Refinery  
  126  13:25  Refinery  
  126  13:37  Viking x3, Marine x4  
  126  13:38  Viking x2, Marine  
  126  13:40  Terran Ship Weapons Level 2  
  141  13:51  Barracks  
  141  13:52  Barracks  
  141  13:54  Barracks  
  141  13:55  Marine  
  78  14:22  Marine  
  79  14:30  Refinery  
  79  14:35  Supply Depot  
  79  14:36  Supply Depot  
  79  14:38  Supply Depot  
  79  14:41  Barracks Reactor x2  
  79  14:42  Barracks Reactor  
  79  14:46  Terran Infantry Armor Level 3, Terran Infantry Weapons Level 3  
  79  14:58  Starport  
  79  14:59  Starport  
  79  15:01  Starport  
  79  15:04  Supply Depot  
  79  15:06  Supply Depot, Marine x5  
  84  15:09  Supply Depot  
  84  15:18  Terran Vehicle And Ship Armor Level 1  
  84  15:34  Marine x3  
  84  15:35  Marine x8  
  95  15:40  Missile Turret  
  95  15:52  Marine x9  
  103  16:00  Marine x2  
  103  16:03  Starport Reactor x3  
  105  16:04  Medivac  
  105  16:05  Viking, Medivac x3  
  105  16:06  Viking  
  105  16:10  Marine x6  
  119  16:34  Viking x2  
  119  16:35  Viking x3  
  119  16:36  Viking  
  119  16:38  Marine x11  
  139  16:55  Marine  
  139  16:56  Terran Ship Weapons Level 3, Marine x2  
  142  17:04  Viking x2  
  142  17:05  Viking x2  
  142  17:06  SCV x2  
  142  17:07  SCV  
  153  17:18  SCV x2  
  153  17:19  SCV  
  156  17:29  Orbital Command  
  156  17:32  Viking x4, Medivac  
  156  17:34  Marine  
  156  17:35  Marine x10  
  177  17:41  Missile Turret  
  177  17:43  Sensor Tower  
  177  17:46  Missile Turret  
  177  17:52  Marine x2  
  177  17:53  Missile Turret, Marine x5  
  177  17:54  Sensor Tower  
  177  17:55  Missile Turret  
  177  17:57  Viking x3  
  190  17:59  Marine x2  
  190  18:04  Missile Turret  
  190  18:05  Missile Turret  
  192  18:23  Supply Depot  
  192  18:24  Supply Depot  
  192  18:25  Supply Depot, Missile Turret  
  192  18:26  Supply Depot  
  192  18:27  Missile Turret  
  192  18:28  Barracks  
  192  18:29  Starport, Viking, Medivac  
  196  18:38  Refinery  
  196  19:04  Missile Turret  
  196  19:07  Sensor Tower  
  196  19:11  Missile Turret x2  
  196  19:13  Missile Turret  
  196  19:29  Marine  
  196  19:30  Marine x5  
  155  19:59  Marine  
  154  20:00  Marine x10  
  154  20:02  Viking x5, Medivac x2  
  154  20:03  Viking, Medivac  
  182  20:12  Missile Turret  
  182  20:17  Marine x5  
  182  20:18  Marine x3  
  187  20:31  Missile Turret  
  187  20:32  Missile Turret x2  
  187  20:34  Missile Turret  
  187  20:35  Marine x4  
  100  21:12  Marine  
  100  21:13  Marine x10  
  105  21:30  Marine x2  
  105  21:31  Marine x9  
  116  21:39  Barracks Tech Lab  
  116  21:42  Barracks Reactor  
  116  21:44  Starport Reactor  
  116  21:48  Marine x7  
  123  22:27  Marine x6  
  123  22:28  Marine x7  
  136  22:35  Viking x2, Medivac x2  
  136  22:36  Viking, Medivac  
  148  22:45  Marine x6  
  145  23:03  Marine  
  145  23:04  Marine x12  
  130  23:21  Marine  
  130  23:22  Marine x3  
  124  23:29  Marine  
  124  23:30  Marine x8  
  133  23:39  Marine  
  128  23:51  Barracks Tech Lab  
  120  23:59  Factory Tech Lab  
  110  24:06  Marine  
  110  24:07  Marine x8  
Show
View Real Time Build Order
Export as new Build Order

xSaintApocx Terran - Winner!

Build Orders:  

Get SALT Encoding   

  12  0:01  SCV  
  13  0:13  SCV  
  14  0:22  Supply Depot  
  14  0:30  SCV  
  14  0:32  Supply Depot  
  15  0:44  SCV  
  15  0:49  Barracks  
  16  0:56  SCV  
  17  1:08  SCV  
  18  1:14  Barracks  
  18  1:22  Barracks  
  18  1:35  Orbital Command  
  18  1:48  Engineering Bay  
  18  1:49  Marine  
  19  2:00  Marine  
  20  2:03  SCV  
  21  2:20  Refinery  
  21  2:21  Refinery  
  21  2:28  Missile Turret  
  21  2:31  Supply Depot  
  21  2:33  Supply Depot  
  21  2:35  Marine  
  21  2:36  Marine  
  23  2:38  Marine  
  23  2:41  SCV  
  25  2:46  Missile Turret  
  25  3:01  SCV  
  25  3:05  Marine  
  26  3:08  Marine  
  26  3:12  Marine  
  29  3:13  SCV  
  30  3:25  SCV  
  31  3:27  Factory  
  31  3:37  SCV  
  32  3:50  SCV  
  32  3:53  Command Center  
  33  4:02  SCV, Marine  
  35  4:05  Marine  
  35  4:08  Marine  
  37  4:14  SCV  
  38  4:17  Supply Depot  
  38  4:22  Barracks Tech Lab  
  38  4:24  Barracks Tech Lab  
  38  4:33  Barracks Tech Lab  
  38  4:39  Starport, Factory Reactor  
  38  4:43  Terran Infantry Armor Level 1  
  38  4:55  Concussive Shells  
  38  4:56  Combat Shield  
  38  5:02  Stimpack  
  38  5:31  Refinery x2  
  38  5:32  Planetary Fortress  
  38  5:33  Missile Turret  
  38  5:55  Missile Turret, Marauder x3  
  44  6:14  Medivac  
  44  6:15  Marine  
  44  6:16  Marine x2  
  49  6:29  SCV x2  
  51  6:38  Terran Infantry Weapons Level 1  
  51  6:39  Marine x3  
  54  6:41  SCV x2  
  54  6:43  Medivac  
  54  6:45  Medivac  
  60  6:53  SCV x2  
  62  6:54  Supply Depot x2  
  62  6:56  Marine  
  62  6:57  Marine x2  
  65  7:05  SCV x2  
  67  7:12  Starport  
  67  7:15  Fusion Core  
  67  7:17  SCV x2  
  69  7:22  Starport  
  69  7:38  Armory  
  69  7:39  Armory  
  69  7:45  Command Center, SCV  
  70  7:55  Supply Depot  
  70  7:57  SCV  
  71  8:09  SCV  
  72  8:22  Weapon Refit  
  72  8:27  Terran Ship Weapons Level 1, Terran Vehicle And Ship Armor Level 1  
  72  8:58  Refinery  
  72  8:59  Missile Turret, Refinery  
  72  9:00  Missile Turret  
  78  9:10  Battlecruiser  
  78  9:11  Battlecruiser  
  84  9:24  Battlecruiser  
  90  9:37  Planetary Fortress  
  90  10:19  Battlecruiser  
  102  10:21  Battlecruiser  
  102  10:30  Supply Depot  
  102  10:31  Supply Depot  
  102  10:32  Supply Depot  
  102  10:35  Terran Vehicle And Ship Armor Level 2  
  102  10:41  Terran Ship Weapons Level 2  
  90  11:09  SCV  
  91  11:17  SCV  
  92  11:20  SCV  
  92  11:21  SCV  
  94  11:29  SCV  
  94  11:32  Battlecruiser, SCV  
  102  11:33  SCV  
  103  11:41  SCV  
  103  11:44  SCV  
  103  11:45  SCV  
  106  11:53  SCV  
  107  11:56  SCV  
  107  11:57  SCV  
  107  11:58  Battlecruiser  
  121  12:01  Battlecruiser  
  121  12:05  SCV  
  120  12:08  SCV  
  120  12:10  SCV  
  92  12:36  Battlecruiser  
  98  12:51  Terran Vehicle And Ship Armor Level 3  
  98  13:20  Terran Ship Weapons Level 3  
  98  13:27  Command Center  
  74  14:20  SCV  
  75  14:32  SCV  
  75  14:36  Barracks Tech Lab, Factory Tech Lab  
  76  14:44  SCV  
  76  14:45  Barracks Tech Lab  
  77  14:49  Starport  
  77  14:50  Starport x2  
  77  14:56  SCV  
  78  15:08  SCV  
  78  15:12  Refinery  
  79  15:17  Refinery  
  79  15:18  Battlecruiser x3  
  79  15:19  Missile Turret  
  79  15:21  Missile Turret  
  97  16:09  Planetary Fortress  
  97  17:10  Battlecruiser x3  
  115  17:16  Marine  
  115  17:17  Marine  
  117  17:26  Supply Depot  
  117  17:28  Supply Depot  
  117  17:29  Supply Depot  
  117  17:33  Battlecruiser  
  117  17:34  Marine  
  117  17:35  Marine  
  125  17:49  Battlecruiser  
  131  17:52  Marine  
  131  17:53  Marine  
  133  18:10  Marine x2  
  135  18:28  Marine x2  
  137  18:37  Supply Depot x2  
  137  18:38  Supply Depot  
  137  18:41  Supply Depot  
  137  18:46  Marine x2  
  137  18:48  Battlecruiser x2  
  151  18:49  Battlecruiser  
  157  19:03  Marine  
  157  19:04  Marine  
  157  19:05  Marine x2  
  161  19:21  Marine  
  161  19:22  Marine  
  161  19:23  Marine x2  
  159  19:39  Marine x2  
  159  19:40  Marine  
  159  19:41  Marine  
  151  19:58  Marine x2  
  153  20:05  Battlecruiser x2  
  153  20:06  Battlecruiser x3  
  183  20:16  Marine x2  
  81  21:28  Battlecruiser x4  
  81  21:29  Battlecruiser  
  111  21:37  Marine  
  111  21:38  Marine x3  
  115  21:53  Battlecruiser  
  121  21:55  Marine  
  121  21:56  Marine x3  
  125  22:13  Marine x4  
  129  22:31  Marine x4  
  133  22:49  Marine x2  
  117  23:02  Battlecruiser x4  
  123  23:29  Battlecruiser  
  123  23:32  Marine  
  123  23:33  Marine x3  
  127  23:50  Marine  
  127  23:51  Marine x3  
  125  24:08  Marine x4  
  123  24:26  Marine x4  
Tags
 
Matchup
TvT
Race
Terran
Spawn Locations
Cross Positions
Add a new tag
Caveats
  • Supply blocks, unpowered buildings, or Contaminate may cause inaccurate times.
  • Supply counts are checked every 10 seconds.